 Dungeon Crawl Stone Soup version 0.23-a0-703-gdf2d5e0dd9 (webtiles) character file.

130 Jannitor the Ducker (level 4, -3/35 HPs)
             Began as a Demonspawn Gladiator on Jan 13, 2019.
             Slain by a worker ant (5 damage)
             ... on level 4 of the Dungeon.
             The game lasted 00:02:44 (2533 turns).

Jannitor the Ducker (Demonspawn Gladiator)          Turns: 2533, Time: 00:02:44

Health: -3/35      AC:  3    Str: 14    XL:     4   Next: 89%
Magic:  4/4        EV: 14    Int:  9    God:
Gold:   129        SH:  0    Dex: 16    Spells: 3/3 levels left

rFire    . . .     SeeInvis .   a - +0 long sword
rCold    . . .     Gourm    .   (no shield)
rNeg     . . .     Faith    .   b - +0 leather armour
rPois    .         Spirit   .   (helmet restricted)
rElec    .         Reflect  .   (no cloak)
rCorr    .         Harm     .   (no gloves)
MR       .....                  (no boots)
Stlth    +.........             (no amulet)
HPRegen  0.00/turn              (no ring)
MPRegen  0.09/turn              (no ring)

@: lethally poisoned (-3 -> -21)
A: horns 1, talons 2, demonic guardian 1, inhibited regeneration
a: no special abilities


You were on level 4 of the Dungeon.
You were not hungry.

You visited 1 branch of the dungeon, and saw 4 of its levels.

You collected 129 gold pieces.

Inventory:

Hand Weapons
 a - a +0 long sword (weapon)
Missiles
 d - 3 throwing nets (quivered)
Armour
 b - a +0 leather armour (worn)
 c - a +0 helmet
 k - a -2 ring mail
Scrolls
 g - 3 scrolls of identify {unknown}
 j - a scroll of blinking {unknown}
 m - a scroll of teleportation {unknown}
 o - a scroll of random uselessness {unknown}
Potions
 e - a potion of might
 h - a potion of flight
 p - 2 potions of heal wounds {unknown}
Comestibles
 f - 7 rations
 n - 7 chunks of flesh


   Skills:
 + Level 3.0 Fighting
 + Level 3.4 Long Blades
 - Level 1.7 Throwing
 * Level 4.0 Dodging


You had 3 spell levels left.
You didn't know any spells.
Your spell library was empty.

Dungeon Overview and Level Annotations

Branches:
Dungeon (4/15)
 Temple: D:4-7

Altars:
Elyvilon
Hepliaklqana
Nemelex Xobeh
Yredelemnul
Zin
The Shining One


Innate Abilities, Weirdness & Mutations

You have razor-sharp toenails.
A weak demonic guardian rushes to your aid.
You have a pair of small horns on your head.
You do not regenerate when monsters are visible.


Message History

You claw the worker ant, but do no damage.
The worker ant is almost dead.
You feel sick. The worker ant bites you.
You are lethally poisoned!
The worker ant poisons you! The worker ant barely misses you.
You hit the worker ant but do no damage.
The worker ant is almost dead.
* * * LOW HITPOINT WARNING * * *
You feel sick. The worker ant bites you.
* * * LOW HITPOINT WARNING * * *
Unknown command.
It was a potion of mutation.
You feel extremely strange.
Your regeneration stops near monsters.
A pair of horns grows on your head!
Your +0 helmet falls away!
* * * LOW HITPOINT WARNING * * *
You feel sick. The worker ant completely misses you.
It was a potion of cancellation.
You feel magically purged.
* * * LOW HITPOINT WARNING * * *
You feel sick. The worker ant bites you.
You die...

## ... ..##
#..# ##..###
##..# .....
...<. ...
#..###a#
#....@##
##.....#
##.##.#
####.# .#
##....# .#
..(####..####
.# #.....<##
.# ##..####
.. ....


You could see a worker ant.

Vanquished Creatures
  A hound skeleton (D:4)
  3 adders
  3 worms
  A leopard gecko (D:1)
  4 orcs (D:3)
  A ball python (D:2)
  9 bats
  4 giant cockroaches
  5 goblins
  16 hobgoblins
  3 jackals (D:2)
  A quokka (D:3)
  4 frilled lizards
  10 kobolds
  7 rats
72 creatures vanquished.

Notes
Turn   | Place    | Note
-------+----------+-------------------------------------------
     0 | D:1      | Jannitor the Demonspawn Gladiator began the quest for the
                  | Orb.
     0 | D:1      | Reached XP level 1. HP: 16/16 MP: 1/1
   181 | D:1      | Gained mutation: A weak demonic guardian rushes to your
                  | aid. [demonic ancestry]
   181 | D:1      | Reached XP level 2. HP: 22/22 MP: 2/2
   328 | D:1      | Reached skill level 3 in Dodging
   466 | D:1      | Gained mutation: You have sharp toenails. [demonic
                  | ancestry]
   466 | D:1      | Reached XP level 3. HP: 28/28 MP: 3/3
  1139 | D:2      | Found a glowing golden altar of the Shining One.
  1145 | D:2      | Found a glowing silver altar of Zin.
  1334 | D:2      | Found a basalt altar of Yredelemnul.
  1545 | D:2      | Found a white marble altar of Elyvilon.
  1545 | D:2      | Found a hazy altar of Hepliaklqana.
  1672 | D:2      | Found a sparkling altar of Nemelex Xobeh.
  1734 | D:3      | Gained mutation: You have razor-sharp toenails. [demonic
                  | ancestry]
  1734 | D:3      | Reached XP level 4. HP: 34/34 MP: 4/4
  2426 | D:3      | Reached skill level 4 in Dodging
  2532 | D:4      | Gained mutation: You do not regenerate when monsters are
                  | visible. [potion of mutation]
  2532 | D:4      | Gained mutation: You have a pair of small horns on your
                  | head. [potion of mutation]
  2533 | D:4      | Slain by a worker ant

Vault maps used:
D:1:      wander_arrival_peaceful_grave, chequers_decorated_corner
D:2:      lemuel_doored_altar, chequers_temple_overflow_statue_of_worship,
          lemuel_round_altar, gammafunk_temple_overflow_wave, serial_glass,
          glass_columns_a, glass_columns_b, glass_columns_c, glass_columns_b,
          glass_columns_a, glass_columns_c, skrybe_limestone_x
D:3:      first_ration, minmay_box_of_dots
D:4:      kennysheep_slug_shrine

Skill      XL: |  1  2  3  4 |
---------------+-------------+-----
Dodging        | 3 4 |  4.0
Long Blades    | 3 |  3.4
Fighting       | 3 |  3.0
Throwing       | |  1.7

Action                   |  1- 3 |  4- 6 || total
-------------------------+-------+-------++-------
Melee: Long sword        |   102 |    57 ||   159
       Kick              |    18 |    20 ||    38
  Use: Scroll            |     2 |       ||     2
       Potion            |       |     4 ||     4
 Stab: Sleeping          |       |     1 ||     1
  Eat: Chunk             |     3 |     2 ||     5
Armor: Leather armour    |    19 |    15 ||    34
Dodge: Dodged            |    86 |    32 ||   118
       Rpst.: Long sword |    25 |    11 ||    36

Table legend:
 A = Non-vault XP
 B = Vault XP
 C = Vault XP percentage of total XP
 D = Non-vault monster count
 E = Vault monster count
 F = Vault count percentage of total count
                 A         B        C        D         E       F
            +---------+---------+-------+---------+---------+-------
      Total |     185 |       1 |   0.5 |      71 |       1 |   1.4
            +---------+---------+-------+---------+---------+-------
        D:1 |      52 |       0 |   0.0 |      31 |       0 |   0.0
        D:2 |      42 |       0 |   0.0 |      17 |       0 |   0.0
        D:3 |      72 |       1 |   1.4 |      22 |       1 |   4.3
        D:4 |      19 |       0 |   0.0 |       1 |       0 |   0.0
            +---------+---------+-------+---------+---------+-------
